 Dungeon Crawl Stone Soup version 0.22-a0-445-g8c8ef71 (webtiles) character file.

4135 nikopol the Thaumaturge (level 10, -4/52 HPs)
             Began as a Deep Elf Fire Elementalist on June 2, 2018.
             Slain by Erica
             ... wielding a +3 scimitar of flaming
              (9 damage)
             ... on level 7 of the Dungeon.
             The game lasted 00:35:20 (9921 turns).

nikopol the Thaumaturge (DEFE)                      Turns: 9921, Time: 00:35:21

Health: -4/52      AC:  3    Str:  5    XL:     10   Next: 6%
Magic:  9/26       EV: 15    Int: 24    God:
Gold:   416        SH:  0    Dex: 15    Spells: 13/30 levels left

rFire    + . .     SeeInvis .   D - staff of fire
rCold    . . .     Gourm    .   (no shield)
rNeg     . . .     Faith    .   a - +0 robe
rPois    .         Spirit   .   (no helmet)
rElec    .         Reflect  .   r - +0 cloak
rCorr    .         Harm     .   (no gloves)
MR       +....                  (no boots)
Stlth    +++.......             (no amulet)
HPRegen  0.17/turn              (no ring)
MPRegen  0.20/turn              (no ring)

@: very slightly contaminated, slowed, very slow
A: no striking features
a: no special abilities


You were on level 7 of the Dungeon.
You were not hungry.

You visited 2 branches of the dungeon, and saw 9 of its levels.
You also visited: Ossuary.

You collected 416 gold pieces.

Inventory:

Hand Weapons
 j - a +2 dagger of holy wrath
Armour
 a - a +0 robe (worn)
 r - a +0 cloak (worn)
Magical Staves
 D - an uncursed staff of fire (weapon)
 G - an uncursed staff of conjuration
Jewellery
 q - an uncursed ring of stealth {unknown}
 v - an uncursed ring of resist corrosion {unknown}
 B - a +4 ring of dexterity {unknown}
 C - a cursed -2 ring of strength {unknown}
 E - an uncursed ring of protection from fire {unknown}
Wands
 u - a wand of paralysis (16)
Scrolls
 b - 8 scrolls of remove curse {unknown}
 d - 13 scrolls of identify {unknown}
 f - 4 scrolls of magic mapping {unknown}
 i - 5 scrolls of teleportation {unknown}
 n - 2 scrolls of noise {unknown}
 o - a scroll of fear {unknown}
 p - a scroll of enchant armour {unknown}
 x - a scroll of immolation {unknown}
 y - 3 scrolls of fog {unknown}
Potions
 e - 3 potions of heal wounds {unknown}
 g - a potion of haste {unknown}
 h - a potion of magic {unknown}
 k - 4 potions of berserk rage {unknown}
 l - 3 potions of agility {unknown}
 m - 6 potions of curing {unknown}
 s - 3 potions of degeneration {unknown}
 t - 2 potions of ambrosia {unknown}
 w - a potion of resistance {unknown}
 z - 4 potions of flight {unknown}
 A - a potion of brilliance {unknown}
Comestibles
 c - 7 rations
 F - 8 chunks of flesh


   Skills:
 + Level 1.0 Fighting
 + Level 0.5 Short Blades
 + Level 4.7 Dodging
 + Level 5.0 Stealth
 + Level 10.9 Spellcasting
 + Level 7.9 Conjurations
 + Level 9.6 Fire Magic


You had 13 spell levels left.
You knew the following spells:

 Your Spells              Type           Power        Failure   Level  Hunger
a - Flame Tongue          Conj/Fire      #####        1%          1    None
b - Throw Flame           Conj/Fire      ######       1%          2    None
c - Conjure Flame         Conj/Fire      ######..     1%          3    None
d - Sticky Flame          Conj/Fire      ######..     1%          4    None
e - Fireball              Conj/Fire      ######....   3%          5    ####...
h - Blink                 Tloc           N/A          7%          2    None

Your spell library contained the following spells:

 Spells                   Type           Power        Failure   Level  Hunger
 Magic Dart               Conj           ####         1%          1    None
 Slow                     Hex            ##......     8%          2    None
 Mephitic Cloud           Conj/Pois/Air  ####....     4%          3    None
 Call Imp                 Summ           ##......     8%          2    None
 Inner Flame              Hex/Fire       ######..     1%          3    None


Dungeon Overview and Level Annotations

Branches:
Dungeon (8/15)             Temple (1/1) D:5
   Lair: D:8-11

Altars:
Ashenzari
Cheibriados
Fedhas
Gozag
Hepliaklqana
Kikubaaqudgha
Makhleb
Nemelex Xobeh
Okawaru
Qazlal
Ru
Sif Muna
Trog
Uskayaw
Wu Jian
Xom
Yredelemnul
Zin
The Shining One

Annotations:
D:8 Erica


Message History

Found a stone staircase leading down.
Something hits you. Something burns you.
There is a stone staircase leading up here.
Something hits you!
* * * LOW HITPOINT WARNING * * *
Something burns you.
* * * LOW HITPOINT WARNING * * *
You climb upwards.
There is a stone staircase leading down here.
You start resting.
You hear some strange, mumbled words.
You feel yourself slow down.
You start resting.
Something closely misses you.
You aren't quite hungry enough to eat that!
Something hits you!
* * * LOW HITPOINT WARNING * * *
Something burns you.
* * * LOW HITPOINT WARNING * * *
Something hits you!
You die...

..# ######### #.# #.......##. #.#
#.......# #.# ##.........
#.####.#####.######.####...###.#.
....##.##........##..............
#.#.##.##.##.###.#######.#..##.##
..#........#.# #.# #รท#...#.#
.#####..###..###.## #.......# .#
##.# #.......# ###...### .#
#.###.####@.# #...# .# #####...##
##..# #...# .# #.......#
##...#### #...# .# #.......#
#.......#####...#### ## #.......#
#....#.......(...... #.......#
#................... #.......#
#.#)##.............. # #.......#
#.#.###.###..)....## # #.......#
#.......# ###(###.#


There were no monsters in sight!

Vanquished Creatures
  An ice statue (D:8)
  2 hippogriffs
  The ghost of nikopol the Firebug, an amateur DEFE of Vehumet (D:4)
  The ghost of dstrtnsr the Chopper, an amateur DDFi of Makhleb (D:5)
  Duvessa (D:5)
  2 orc warriors
  A sky beast (D:8)
  A black bear (D:7)
  A phantom (D:7)
  4 ogres
  2 centaurs
  A crocodile (D:4)
  A big kobold (D:7)
  4 bullfrogs
  Dowan (D:5)
  4 water moccasin zombies
  A scorpion (D:8)
  A howler monkey (D:4)
  A crimson imp (D:6)
  4 hounds
  A jelly (D:6)
  2 bullfrog zombies (D:5)
  3 orc priests
  2 bullfrog skeletons
  Ijyb (D:4)
  11 orc wizards
  5 worker ants
  3 killer bee zombies
  5 big kobold zombies (Ossuary)
  2 hound skeletons
  2 mummies (Ossuary)
  A howler monkey zombie (D:8)
  3 gnolls (D:4)
  7 adders
  2 shadow imps
  2 oozes (D:4)
  An adder skeleton (D:8)
  4 adder zombies (Ossuary)
  3 worms
  2 dart slugs
  5 leopard geckos
  29 orcs
  A ball python (D:4)
  4 giant cockroaches
  6 goblins
  6 hobgoblins
  6 jackals (D:4)
  17 kobolds
  4 quokkas
  5 bats
  9 frilled lizards
  7 hobgoblin zombies
  A jackal zombie (D:6)
  5 kobold zombies (Ossuary)
  5 orc zombies
  A quokka skeleton (D:7)
  3 rats
211 creatures vanquished.

Vanquished Creatures (others)
  2 kobold zombies (Ossuary)
2 creatures vanquished.

Grand Total: 213 creatures vanquished

Notes
Turn   | Place    | Note
-------+----------+-------------------------------------------
     0 | D:1      | nikopol the Deep Elf Fire Elementalist began the quest for the Orb.
     0 | D:1      | Reached XP level 1. HP: 10/10 MP: 6/6
   238 | D:1      | Reached XP level 2. HP: 15/15 MP: 6/8
   929 | D:2      | Reached XP level 3. HP: 19/19 MP: 6/9
  1057 | D:2      | Learned a level 2 spell: Throw Flame
  1061 | D:2      | Learned a level 3 spell: Conjure Flame
  1319 | D:2      | Reached XP level 4. HP: 24/24 MP: 5/11
  1660 | D:3      | Reached skill level 4 in Spellcasting
  2126 | D:3      | Reached XP level 5. HP: 17/28 MP: 8/13
  2136 | D:3      | Learned a level 4 spell: Sticky Flame
  2375 | D:3      | Learned a level 2 spell: Blink
  2542 | D:3      | Found a sacrificial altar of Ru.
  2544 | D:3      | Found a sparkling altar of Nemelex Xobeh.
  2621 | D:3      | You fall through a shaft for 2 floors!
  2621 | D:5      | Entered Level 5 of the Dungeon
  2673 | D:5      | Reached skill level 5 in Fire Magic
  2720 | D:5      | Noticed dstrtnsr's ghost (amateur DDFi)
  2792 | D:5      | Killed dstrtnsr's ghost
  2792 | D:5      | Reached skill level 5 in Spellcasting
  2792 | D:5      | Reached XP level 6. HP: 32/32 MP: 0/16
  3166 | D:4      | Reached skill level 6 in Spellcasting
  3194 | D:4      | Reached XP level 7. HP: 33/36 MP: 3/18
  3292 | D:4      | Learned a level 5 spell: Fireball
  3453 | D:4      | Found a deep blue altar of Sif Muna.
  3622 | D:4      | Noticed nikopol's ghost (amateur DEFE)
  3627 | D:4      | Killed nikopol's ghost
  3799 | D:4      | Noticed Ijyb
  3804 | D:4      | Paralysed by Ijyb for 2 turns
  3809 | D:4      | Killed Ijyb
  3939 | D:4      | Reached skill level 7 in Spellcasting
  4091 | D:4      | Reached skill level 5 in Conjurations
  4277 | D:4      | Reached XP level 8. HP: 27/41 MP: 13/20
  4595 | D:5      | Found a staircase to the Ecumenical Temple.
  4604 | Temple   | Entered the Ecumenical Temple
  4923 | D:5      | Noticed Duvessa
  4923 | D:5      | Noticed Dowan
  4935 | D:5      | Killed Duvessa
  4938 | D:5      | Killed Dowan
  5666 | D:5      | Reached skill level 8 in Spellcasting
  5914 | D:6      | Noticed a hippogriff
  5920 | D:6      | Killed a hippogriff
  6114 | D:6      | Reached skill level 9 in Spellcasting
  6419 | D:6      | Found a bloodstained altar of Trog.
  6449 | D:6      | Found a sand-covered staircase.
  6455 | D:6      | Reached XP level 9. HP: 46/46 MP: 19/24
  6462 | Ossuary  | Entered an ossuary
  8058 | D:6      | Found an ancient bone altar of Kikubaaqudgha.
  8159 | D:7      | Found an opulent altar of Gozag.
  8376 | D:7      | Reached skill level 10 in Spellcasting
  8399 | D:7      | Reached skill level 1 in Fighting
  8983 | D:7      | Reached skill level 5 in Stealth
  9075 | D:7      | Found a snail-covered altar of Cheibriados.
  9289 | D:7      | Found a basalt altar of Yredelemnul.
  9426 | D:8      | Noticed an ice statue
  9594 | D:8      | Killed an ice statue
  9594 | D:8      | Reached XP level 10. HP: 52/52 MP: 10/26
  9881 | D:8      | Found a hide-covered altar of Uskayaw.
  9885 | D:8      | Noticed Erica
  9921 | D:7      | Slain by Erica

Vault maps used:
D:1:      onia_arrival_larder, minmay_misc_feat_encased
D:2:      first_ration
D:3:      corexii_shack_village, gammafunk_temple_overflow_statue
D:4:      lemuel_crystal_altar, uniq_ijyb
D:5:      minmay_temple_entry_overgrown, uniq_duvessa
D:6:      bloody_trog, kiku_gazebo_pond_becter, enter_ossuary_3
D:7:      marbit_many_paths, lemuel_round_altar,
          nicolae_gozag_cash_rules_everything_around_me
D:8:      minmay_separated_statues, kennysheep_mini_moat,
          eat_drink_and_be_merry_uskayaw, serial_shops, nicolae_shop_trees,
          special_room, uniq_erica
Temple:   zaba_magenta_temple
Ossuary:  ossuary_tomb_2

Skill      XL: |  1  2  3  4  5  6  7  8  9 |
---------------+----------------------------+-----
Fire Magic     | 4 5 6 7 9 |  9.6
Conjurations   | 2 3 4 5 6 7 |  7.9
Spellcasting   | 4 5 6 7 9 10 | 10.9
Stealth        | 3 4 5 |  5.0
Dodging        | 3 4 |  4.7
Fighting       | 1 |  1.0
Short Blades   | |  0.5

Action                   |  1- 3 |  4- 6 |  7- 9 | 10-12 || total
-------------------------+-------+-------+-------+-------++-------
Melee: Dagger            |       |       |    35 |       ||    35
       Staff             |       |       |       |     1 ||     1
 Cast: Flame Tongue      |    66 |   103 |   277 |    26 ||   472
       Conjure Flame     |       |     3 |     8 |       ||    11
       Sticky Flame      |       |       |    34 |     1 ||    35
       Fireball          |       |       |    14 |     2 ||    16
       Throw Flame       |       |       |     6 |       ||     6
       Blink             |       |       |       |     2 ||     2
  Eat: Ration            |     1 |       |     2 |       ||     3
       Chunk             |       |     3 |    18 |       ||    21
Armor: Robe              |     1 |     4 |    17 |       ||    22
Dodge: Dodged            |    15 |    16 |    88 |     2 ||   121

Table legend:
 A = Spawn XP
 B = Non-spawn XP
 C = Spawn XP percentage of total XP
 D = Spawn monster count
 E = Non-spawn monster count
 F = Spawn count percentage of total count
 G = Total turns spent on level
                    A         B        C        D         E        F      G
               +---------+---------+-------+---------+---------+-------+---------
         Total |       0 |    5908 |   0.0 |       0 |     212 |   0.0 |  9921
               +---------+---------+-------+---------+---------+-------+---------
           D:1 |       0 |      26 |   0.0 |       0 |      14 |   0.0 |   801
           D:2 |       0 |      78 |   0.0 |       0 |      22 |   0.0 |   787
           D:3 |       0 |     128 |   0.0 |       0 |      23 |   0.0 |  1033
           D:4 |       0 |     995 |   0.0 |       0 |      33 |   0.0 |  1651
           D:5 |       0 |     720 |   0.0 |       0 |      21 |   0.0 |  1549
           D:6 |       0 |    1402 |   0.0 |       0 |      30 |   0.0 |  1613
           D:7 |       0 |    1216 |   0.0 |       0 |      21 |   0.0 |  1158
           D:8 |       0 |     902 |   0.0 |       0 |      18 |   0.0 |   495
       Ossuary |       0 |     441 |   0.0 |       0 |      30 |   0.0 |   755
               +---------+---------+-------+---------+---------+-------+---------
